 Dungeon Crawl Stone Soup version 0.32-a0-7-ge934b4519a (webtiles) character file.

Game seed: 16085079345761323119

34 browni3141 the Sneak (level 3, 0/16 HPs)
             Began as a Spriggan Enchanter on Jan 13, 2024.
             Slain by a giant cockroach (2 damage)
             ... in a sewer.
             The game lasted 00:05:48 (822 turns).

browni3141 the Sneak (Spriggan Enchanter)            Turns: 822, Time: 00:05:50

Health: 0/16       AC:  2    Str:  4    XL:     3   Next: 14%
Magic:  5/8        EV: 17    Int: 16    God:
Gold:   28         SH:  0    Dex: 17    Spells: 1/7 levels left

rFire   . . .        g - +2 dagger (elec)
rCold   . . .        (no shield)
rNeg    . . .        b - +0 robe
rPois   .            (helmet restricted)
rElec   .            (no cloak)
rCorr   .            (gloves unavailable)
SInv    +            (boots unavailable)
Will    .....        (no amulet)
Stlth   +++          (no ring)
HPRegen 0.22/turn    (no ring)
MPRegen 0.11/turn

%: no passive effects
@: very quick
A: very small, no large weapons, unfitting armour, see invisible, speed 3
a: no special abilities


You were in a sewer.
You visited 1 branch of the dungeon, and saw 4 of its levels.
You also visited: Sewer.

You collected 28 gold pieces.

Inventory:

Hand Weapons
 a - a +1 dagger
 d - a +0 war axe of freezing
 g - a +2 dagger of electrocution (weapon)
Armour
 b - a +0 robe (worn)
Potions
 c - 2 potions of invisibility
 e - a potion of haste {unknown}
 f - 2 potions of attraction {unknown}


   Skills:
 - Level 1.1 Short Blades
 - Level 2.6 Dodging
 - Level 4.4 Stealth
 - Level 2.6 Spellcasting
 - Level 3.6 Hexes
 * Level 2.8 Invocations


You had one spell level left.
You knew the following spells:

 Your Spells              Type           Power      Damage    Failure   Level
a - Confusing Touch       Hex            13%        N/A       13%         3
b - Tukima's Dance        Hex            13%        N/A       13%         3

Your spell library contained the following spells:

 Spells                   Type           Power      Damage    Failure   Level
 Ensorcelled Hibernation  Hex/Ice        14%        N/A       14%         2
 Dazzling Flash           Conj/Hex       14%        N/A       28%         3
 Dimensional Bullseye     Hex/Tloc       3%         N/A       67%         4
 Iskenderun's Mystic Bla  Conj/Tloc      2%         2d3       88%         4


Dungeon Overview and Level Annotations

Branches:
Dungeon (4/15)              Sewer (1/1)
 Temple: D:4-7

Altars:
Cheibriados
Fedhas
Kikubaaqudgha
Nemelex Xobeh
The Shining One


Innate Abilities, Weirdness & Mutations

You are very small and have problems with some larger weapons.
You are too small for most types of armour.
You have supernaturally acute eyesight. (SInv)
You cover ground extremely quickly. (Speed+++)


Message History

You open the door.
Pargi the Meek comes into view.
There is an open door here.
The helpless Pargi fails to defend himself.
You puncture Pargi! Lightning courses through Pargi!
Pargi is severely wounded.
Pargi bites you! Pargi closely misses you. x2
You hit Pargi.
Pargi is almost dead.
Pargi barely misses you. Pargi claws you. x2
* * * LOW HITPOINT WARNING * * *
Unknown command.
The giant cockroach waves its antennae.
There is an empty arch of ancient stone here.
Casting: Tukima's Dance (astonishingly dangerous; 13% risk of failure)
Confirm with . or Enter, or press ? or * to list all spells.
Your hands begin to glow red.
You hit Pargi but do no damage.
Pargi appears confused.
Pargi is severely wounded.
Pargi bites you.
* * * LOW HITPOINT WARNING * * *
Pargi claws you.
* * * LOW HITPOINT WARNING * * *
Pargi claws you but does no damage.
You hit Pargi.
Pargi is severely wounded.
The giant cockroach closely misses you. Pargi misses you.
Pargi barely misses you. Pargi closely misses you.
You hit Pargi.
Pargi is severely wounded.
The giant cockroach bites you.
* * * LOW HITPOINT WARNING * * *
The giant cockroach bites you but does no damage.
You hit Pargi but do no damage.
Pargi is severely wounded.
Pargi falls into the water!
Pargi drowns.
You hear a splash.
The giant cockroach bites you.
You die...

### ## #.# !# #.#
K#
#+##+##+##'##'##+#
.................#
~~~~~~~.~~~~~~~~~#
≈≈≈≈≈≈≈∩≈≈≈≈≈≈≈≈≈#
~~~~~~~.~~~~~~~~~#
.......@B........#
#'##+##.##+##+##'#
# #.# .# #∩# # ###


You could see a giant cockroach.

Vanquished Creatures
  Pargi (Sewer)
  A bombardier beetle (D:3)
  A hobgoblin (D:1)
  3 rats
6 creatures vanquished.

Vanquished Creatures (collateral kills)
  A goblin (D:2)
1 creature vanquished.

Grand Total: 7 creatures vanquished

Notes
Turn   | Place    | Note
-------+----------+-------------------------------------------
     0 | D:1      | browni3141 the Spriggan Enchanter began the quest for the
                  | Orb.
     0 | D:1      | Reached XP level 1. HP: 9/9 MP: 5/5
    96 | D:3      | Noticed a bombardier beetle
   111 | D:3      | Killed a bombardier beetle
   112 | D:3      | Reached XP level 2. HP: 10/13 MP: 6/6
   112 | D:3      | Reached XP level 3. HP: 13/16 MP: 8/8
   218 | D:3      | Found an ancient bone altar of Kikubaaqudgha.
   219 | D:3      | Found a glowing golden altar of the Shining One.
   219 | D:3      | Found a blossoming altar of Fedhas.
   222 | D:3      | Found a snail-covered altar of Cheibriados.
   225 | D:3      | Found a sparkling altar of Nemelex Xobeh.
   352 | D:2      | Learned a level 3 spell: Confusing Touch
   356 | D:2      | Learned a level 3 spell: Tukima's Dance
   719 | D:3      | Noticed a glass eye
   721 | D:3      | Found a faded altar of an unknown god.
   724 | D:3      | Noticed a great orb of eyes
   730 | D:3      | Noticed an eye of devastation
   751 | D:4      | Found a glowing drain.
   800 | Sewer    | Entered a sewer
   808 | Sewer    | Noticed Pargi
   822 | Sewer    | Killed Pargi
   822 | Sewer    | Slain by a giant cockroach

Illustrated notes

Levels and vault maps discovered:
D:1:      amcnicky_arrival_blooded_trapdoor, layout_loops_cross
D:2:      layout_basic, kennysheep_generic_room_3, uniq_natasha
D:3:      layout_rooms, minitemple, hellmonk_ecumenical_altar_watching_god,
          amethyst_killhole, st_stairs_6
D:4:      layout_loops_ring, general_overflow_altar, portal_sewer_entry_f,
          minmay_lizard_king
Sewer:    kennysheep_door_sewer

Skill      XL: |  1 |
---------------+----+-----
Invocations    | 2 |  2.8
Short Blades   | |  1.1
Dodging        | |  2.6
Stealth        | |  4.4
Spellcasting   | |  2.6
Hexes          | |  3.6

Action                     || total
---------------------------++-------
  Melee: Dagger            ||    29
         War axe           ||     2
   Cast: Tukima's Dance    ||     2
         Confusing Touch   ||     1
   Stab: Sleeping          ||     3
 Armour: Robe              ||    54
  Dodge: Dodged            ||   124

Table legend: (Time is in decaauts)
 A = Elapsed time spent in this place.
 B = Non-inter-level travel time spent in this place.
 C = Inter-level travel time spent in this place.
 D = Time resting spent in this place.
 E = Time spent auto-exploring this place.
 F = Levels seen in this place.
 G = Mean time per level.
                   A        B        C        D        E       F      G
               +--------+--------+--------+--------+--------+-----+--------+
         Total |    551 |    537 |     14 |      0 |     38 |   5 |  110.2 |
       Dungeon |    535 |    521 |     14 |      0 |     38 |   4 |  133.8 |
         Sewer |     16 |     16 |      0 |      0 |      0 |   1 |   16.0 |
               +--------+--------+--------+--------+--------+-----+--------+

Top non-repeatable levels by time:
     D:3: 192 daAuts
     D:2: 179 daAuts
     D:1: 116 daAuts
     D:4: 47 daAuts
   Sewer: 16 daAuts
